 Dungeon Crawl Stone Soup version 0.29-a0-352-g0917bc69df (webtiles) character file.

Game seed: 6384636903602771079

15556 NinjaNoafa the Fighter (level 12, -12/106 HPs)
             Began as a Pale Draconian Monk on Apr 24, 2022.
             Was the Champion of Cheibriados.
             Mangled by a troll (15 damage)
             ... on level 12 of the Dungeon.
             The game lasted 00:33:10 (9490 turns).

NinjaNoafa the Fighter (Pale Draconian Monk)        Turns: 9490, Time: 00:33:12

Health: -12/106    AC: 12    Str: 40    XL:     12   Next: 2%
Magic:  18/18      EV: 20    Int: 25    God:    Cheibriados [******]
Gold:   186        SH:  0    Dex: 29    Spells: 9/12 levels left

rFire   x . .      SeeInvis .   a - +5 spear (protect)
rCold   + . .      Faith    .   x - +0 buckler
rNeg    . . .      Spirit   .   (body armour unavailable)
rPois   .          Reflect  .   n - +2 hat
rElec   .          Harm     .   q - +1 cloak
rCorr   .          Rampage  .   (no gloves)
Will    .....                   (no boots)
Stlth   +.........              e - amulet of regeneration
HPRegen 1.07/turn               G - +6 ring of strength
MPRegen 0.16/turn               D - ring of ice

@: confused, short of breath, ambrosia-drunk, unable to read, very slow
A: breathe steam, AC +8, unfitting armour, cold-blooded, steam resistance,
inability to read while threatened
a: Breathe Steam, Renounce Religion, Bend Time, Temporal Distortion, Slouch,
Step From Time


You were on level 12 of the Dungeon.
You worshipped Cheibriados.
Cheibriados was exalted by your worship.
You visited 2 branches of the dungeon, and saw 13 of its levels.

You collected 997 gold pieces.
You spent 811 gold pieces at shops.

Inventory:

Hand Weapons
 a - a +5 spear of protection (weapon)
 d - a +2 whip of flaming
 l - a +1 short sword of venom
 r - a +2 spear of venom
 s - a +3 vampiric war axe
 B - a +0 falchion
 C - a +3 dagger of venom
Missiles
 c - 254 stones (quivered)
 g - 13 poisoned darts
 m - 3 boomerangs
 p - 8 javelins
 E - 2 throwing nets
Armour
 j - a +0 cloak
 n - a +2 hat (worn)
 q - a +1 cloak (worn)
 x - a +0 buckler (worn)
Jewellery
 e - an amulet of regeneration (around neck)
 A - a ring of wizardry
 D - a ring of ice (right hand)
 G - a +6 ring of strength (left hand)
Wands
 f - a wand of digging (11)
 h - a wand of flame (13)
 t - a wand of iceblast (14)
 J - a wand of charming (3)
Scrolls
 k - 8 scrolls of teleportation
 o - a scroll of holy word
 u - a scroll of magic mapping
 w - 4 scrolls of immolation
 y - a scroll of fog
 z - a scroll of amnesia {unknown}
 F - 5 scrolls of vulnerability
 H - 10 scrolls of identify
Potions
 i - 6 potions of curing
 v - a potion of magic


   Skills:
 + Level 10.3 Fighting
 - Level 3.0 Long Blades
 - Level 5.3(6.5) Axes
 - Level 4.1(5.3) Maces & Flails
 + Level 3.9(5.2) Polearms
 * Level 3.8 Throwing
 + Level 8.2 Dodging
 - Level 3.0 Stealth
 + Level 6.9 Shields
 - Level 0.6 Spellcasting
 - Level 0.5 Conjurations
 - Level 0.5 Air Magic
 - Level 0.4 Poison Magic
 + Level 8.7 Invocations
 + Level 6.1 Evocations


You had 9 spell levels left.
You knew the following spells:

 Your Spells              Type           Power      Damage    Failure   Level
a - Magic Dart            Conj           12%        1d3       13%         1
b - Apportation           Tloc           0%         N/A       17%         1
c - Sandblast             Erth           0%         2d4       17%         1

Your spell library contained the following spells:

 Spells                   Type           Power      Damage    Failure   Level
 Poisonous Vapours        Pois/Air       6%         N/A       21%         2
 Searing Ray              Conj           6%         2d4       21%         2
 Static Discharge         Conj/Air       3%         N/A       21%         2
 Corpse Rot               Necr/Air       4%         N/A       22%         2
 Call Imp                 Summ           0%         N/A       26%         2
 Ensorcelled Hibernation  Hex/Ice        2%         N/A       26%         2
 Passwall                 Tmut/Erth      0%         N/A       26%         2
 Swiftness                Air            3%         N/A       36%         3
 Mephitic Cloud           Conj/Pois/Air  3%         N/A       38%         3
 Stone Arrow              Conj/Erth      4%         3d7       41%         3
 Frozen Ramparts          Ice            2%         1d2       45%         3
 Fulminant Prism          Conj/Hex       1%         3d6       82%         4
 Lightning Bolt           Conj/Air       1%         1d12      98%         5
 Alistair's Intoxication  Tmut/Pois      0%         N/A       99%         5
 Metabolic Englaciation   Hex/Ice        0%         N/A       99%         5
 Borgnjor's Revivificati  Necr           0%         N/A       100%        8
 Lehudib's Crystal Spear  Conj/Erth      1%         10d2      100%        8
 Maxwell's Capacitive Co  Air            1%         ∞         100%        8
 Animate Armour           Summ/Erth      Unusable   N/A       N/A         4

Dungeon Overview and Level Annotations

Branches:
Dungeon (12/15)            Temple (1/1) D:6            Lair (0/6) D:10
    Orc (0/2) D:12

Altars:
Ashenzari
Cheibriados
Dithmenos
Elyvilon
Fedhas
Gozag
Hepliaklqana
Kikubaaqudgha
Makhleb
Nemelex Xobeh
Okawaru
Qazlal
Ru
Sif Muna
Trog
Uskayaw
Vehumet
Wu Jian
Xom
Yredelemnul
Zin
The Shining One

Shops:
D:1 =   D:3 *   D:4 ?   D:7 [   D:8 *


Innate Abilities, Weirdness & Mutations

You can breathe blasts of scalding, opaque steam.
Your pale cyan-grey scales are hard. (AC +8)
You cannot fit into any form of body armour.
You are cold-blooded and may be slowed by cold attacks.
You are immune to the effects of steam.
You sometimes lose the ability to read scrolls when taking damage.


Message History

The wolf spider zombie bites you but does no damage.
The slime creature hits you but does no damage.
The troll bites you but does no damage. You block the troll's attack.
The troll completely misses you. The slime creature hits you.
You are confused.
You feel invigorated.
You can read scrolls again.
The wolf spider zombie misses you.
The wolf spider zombie completely misses you.
The slime creature barely misses you.
The wolf spider zombie completely misses you.
The wolf spider zombie bites you!
You feel threatened and lose the ability to read scrolls!
The slime creature hits you.
* * * LOW HITPOINT WARNING * * *
The troll barely misses you. The troll completely misses you.
The troll misses you. The slime creature closely misses you.
You are too confused!
Okay, then.
Non-targeted confused throw: 2 darts (curare)
Press: ? - help, Q - select action, (/) - cycle Dir - look around, f - activate Look: a troll (heavily wounded)
You throw a curare-tipped dart.
The curare-tipped dart barely misses the wolf spider zombie.
The slime creature hits you!
* * * LOW HITPOINT WARNING * * *
The wolf spider zombie closely misses you. x2
Non-targeted confused throw: dart (curare)
Press: ? - help, Q - select action, (/) - cycle Dir - look around, f - activate You throw a curare-tipped dart.
The curare-tipped dart hits the troll.
The troll is poisoned.
The troll convulses.
The troll seems to slow down.
The troll is heavily wounded.
The slime creature hits you!
* * * LOW HITPOINT WARNING * * *
The slime creature hits you!
* * * LOW HITPOINT WARNING * * *
The slime creature hits you but does no damage.
The troll bites you!
You die...

..............#
....
......#.......#
...#
......#.##<..## .
....###.##...# ..
.##.#....<.>.# ...
#
#........########
###
#........#.......
.######'###T......
.........J@J..#
.........#JZ......
.........#........
.........#...§....
.........#........
.###.....#........
..............^.
#################


You could see 3 slime creatures, a troll (very poisoned, slow) and a wolf spider
zombie.

Vanquished Creatures
  3 two-headed ogres
  Sonja (D:11)
  A wizard (D:10)
  An ugly thing (D:10)
  4 manticores
  A moth of wrath (D:10)
  Joseph (D:8)
  A gargoyle (D:10)
  A kobold demonologist (D:9)
  2 trolls
  3 hornets
  4 slime creatures (D:12)
  Grinder (D:3)
  A meliai zombie (D:12)
  2 shadows
  A wraith (D:11)
  2 wyverns (D:7)
  15 yaks
  4 vampire mosquitoes (D:11)
  Menkaure (D:5)
  A warg (D:12)
  A water moccasin (D:8)
  A black bear (D:5)
  An ice beast (D:5)
  6 orc warriors
  2 ogres
  A centaur (D:7)
  2 phantoms
  A kobold brigand (D:10)
  2 bullfrogs
  A gnoll sergeant (D:5)
  4 scorpions
  4 necrophages
  8 wights
  4 killer bees
  6 howler monkeys
  3 jellies (D:6)
  4 hounds
  7 orc priests
  Crazy Yiuf (D:5)
  5 iguanas
  18 orc wizards
  7 gnolls
  4 adders
  An ufetubus (D:5)
  3 worms
  2 dart slugs
  41 orcs
  6 ball pythons
  3 bats
  7 endoplasms
  4 giant cockroaches
  9 goblins
  5 hobgoblins
  6 jackals (D:3)
  7 kobolds
  3 quokkas
  4 frilled lizards (D:2)
  9 rats
254 creatures vanquished.

Vanquished Creatures (others)
  An orc (D:9)
  A plant (D:10)
  2 withered plants (D:1)
4 creatures vanquished.

Grand Total: 258 creatures vanquished

Notes
Turn   | Place    | Note
-------+----------+-------------------------------------------
     0 | D:1      | NinjaNoafa the Draconian Monk began the quest for the Orb.
     0 | D:1      | Reached XP level 1. HP: 19/19 MP: 1/1
   194 | D:1      | Found Iqunoom's Jewellery Emporium.
   219 | D:1      | Found a faded altar of an unknown god.
   232 | D:1      | Reached XP level 2. HP: 24/26 MP: 2/2
   235 | D:1      | Prayed at the altar of an unknown god.
   235 | D:1      | Became a worshipper of Cheibriados the Contemplative
   235 | D:1      | Reached * piety under Cheibriados
   235 | D:1      | Reached ** piety under Cheibriados
   477 | D:2      | Reached *** piety under Cheibriados
   485 | D:2      | Reached XP level 3. HP: 31/31 MP: 3/3
   493 | D:2      | Reached skill level 1 in Invocations
   661 | D:2      | Reached skill level 1 in Maces & Flails
  1332 | D:3      | Reached XP level 4. HP: 27/39 MP: 3/5
  1431 | D:3      | Found Sicke's General Store.
  1438 | D:3      | Bought a scroll of identify for 22 gold pieces
  1561 | D:3      | Noticed Grinder
  1563 | D:3      | Gained mutation: Your flesh is heat resistant. (rF+)
                  | [potion of mutation]
  1563 | D:3      | Gained mutation: You are occasionally teleported next to
                  | monsters. [potion of mutation]
  1563 | D:3      | Gained mutation: You have an increased reservoir of magic.
                  | (+10% MP) [potion of mutation]
  1568 | D:3      | Lost mutation: You have an increased reservoir of magic.
                  | (+10% MP) [potion of mutation]
  1568 | D:3      | Lost mutation: You are occasionally teleported next to
                  | monsters. [potion of mutation]
  1568 | D:3      | Lost mutation: Your flesh is heat resistant. (rF+) [potion
                  | of mutation]
  1568 | D:3      | Gained mutation: You sometimes lose the ability to read
                  | scrolls when taking damage. [potion of mutation]
  1582 | D:3      | Killed Grinder
  1583 | D:3      | Reached skill level 4 in Fighting
  1583 | D:3      | Reached XP level 5. HP: 46/46 MP: 5/7
  1583 | D:3      | Reached XP level 6. HP: 52/52 MP: 5/8
  1658 | D:3      | Reached **** piety under Cheibriados
  2199 | D:4      | Identified the +1 chain mail "Jakleif" {Fly}
  2309 | D:4      | Found Leimp's Magic Scroll Boutique.
  2333 | D:4      | Bought a scroll of identify for 28 gold pieces
  2333 | D:4      | Bought a scroll of identify for 28 gold pieces
  2735 | D:4      | Reached skill level 1 in Throwing
  2823 | D:4      | Reached ***** piety under Cheibriados
  3061 | D:5      | Entered Level 5 of the Dungeon
  3091 | D:5      | Your scales start taking on a pale cyan-grey colour.
  3091 | D:5      | Reached XP level 7. HP: 29/60 MP: 9/9
  3091 | D:5      | Gained mutation: You are immune to the effects of steam.
                  | [Pale Draconian growth]
  3193 | D:5      | Reached skill level 5 in Fighting
  3352 | D:5      | Reached XP level 8. HP: 67/68 MP: 11/11
  3391 | D:5      | Noticed Menkaure
  3397 | D:5      | Reached skill level 1 in Axes
  3403 | D:5      | Killed Menkaure
  3641 | D:5      | Found a runed translucent door.
  3643 | D:5      | Noticed Crazy Yiuf
  3649 | D:5      | Killed Crazy Yiuf
  3760 | D:6      | Reached skill level 5 in Invocations
  3881 | D:6      | Found a staircase to the Ecumenical Temple.
  3897 | Temple   | Entered the Ecumenical Temple
  4282 | D:6      | Reached skill level 6 in Fighting
  4286 | D:6      | Reached skill level 5 in Dodging
  4540 | D:6      | Reached skill level 1 in Evocations
  4845 | D:7      | Reached XP level 9. HP: 78/78 MP: 13/13
  5002 | D:7      | Reached skill level 1 in Shields
  5111 | D:7      | Found Myarij's Armour Shop.
  5672 | D:7      | Learned a level 1 spell: Magic Dart
  5674 | D:7      | Learned a level 1 spell: Apportation
  5676 | D:7      | Learned a level 1 spell: Sandblast
  5946 | D:8      | Found Ytojeusy's General Store.
  5956 | D:8      | Bought a scroll of enchant weapon for 90 gold pieces
  6115 | D:8      | Paralysed by a hornet for 3 turns
  6118 | D:8      | Paralysed by a hornet for 2 turns
  6186 | D:8      | Reached skill level 7 in Fighting
  6361 | D:8      | Noticed Joseph
  6371 | D:8      | Killed Joseph
  6759 | D:9      | Noticed a kobold demonologist
  6773 | D:9      | Killed a kobold demonologist
  6774 | D:9      | Reached XP level 10. HP: 86/86 MP: 13/15
  6845 | D:9      | Noticed a two-headed ogre
  6854 | D:9      | Killed a two-headed ogre
  6991 | D:9      | Reached ****** piety under Cheibriados
  6992 | D:9      | Reached skill level 8 in Fighting
  6992 | D:9      | Reached skill level 5 in Evocations
  7027 | D:9      | Noticed a two-headed ogre
  7033 | D:9      | Noticed a manticore
  7039 | D:9      | Killed a two-headed ogre
  7040 | D:9      | Reached skill level 9 in Fighting
  7040 | D:9      | Reached skill level 5 in Shields
  7041 | D:9      | Killed a manticore
  7130 | D:9      | Found a stormy altar of Qazlal.
  7567 | D:10     | Entered Level 10 of the Dungeon
  7706 | D:1      | Bought a +6 ring of strength for 643 gold pieces
  7890 | D:10     | Noticed a gargoyle
  7898 | D:10     | Killed a gargoyle
  7899 | D:10     | Reached XP level 11. HP: 83/97 MP: 16/16
  7968 | D:10     | Noticed a wizard
  7973 | D:10     | Killed a wizard
  7980 | D:10     | Reached skill level 5 in Axes
  8044 | D:10     | Noticed a red ugly thing
  8062 | D:10     | Killed a red ugly thing
  8063 | D:10     | Reached skill level 1 in Polearms
  8219 | D:10     | Noticed a two-headed ogre
  8232 | D:10     | Killed a two-headed ogre
  8267 | D:10     | Found a staircase to the Lair.
  8366 | D:10     | Found a bloodstained altar of Trog.
  8588 | D:11     | Got the Papyrus of the Twisted Snowflakes
  8822 | D:11     | Reached skill level 10 in Fighting
  9005 | D:11     | Noticed Sonja
  9009 | D:11     | Killed Sonja
  9407 | D:12     | Found a staircase to the Orcish Mines.
  9480 | D:12     | Reached XP level 12. HP: 85/106 MP: 18/18
  9490 | D:12     | HP: 3/106 [slime creature (15)]
  9490 | D:12     | Mangled by a troll

Illustrated notes

Levels and vault maps discovered:
D:1:      spicycebolla_arrival_xxxplode, layout_rooms,
          ebering_ecumenical_altar_petrified, serial_shops, nicolae_shop_trees
D:2:      layout_loops_ring, minmay_diced_spiral
D:3:      layout_loops_ring, serial_shops, nicolae_shop_trees,
          grunt_ministairs_2, kennysheep_path_1, uniq_grinder
D:4:      layout_basic, serial_shops, nicolae_shop_stone
D:5:      layout_rooms, uniq_menkaure, uniq_crazy_yiuf_cottage
D:6:      layout_loops_ring, minmay_temple_entry_mist
D:7:      layout_basic, serial_shops, nicolae_shop_stone, lemuel_old_faithful
D:8:      layout_loops_corners, serial_shops, shop, uniq_joseph
D:9:      layout_cave_pools, grunt_qazlal_clouds, nicolae_straight_to_the_point
D:10:     layout_rooms, tgw_trog, dpeg_oklobed_lair, kennysheep_small_square
D:11:     layout_rooms, uniq_sonja
D:12:     layout_stronghold, david_orc_3, serial_undead, serial_undead_a,
          serial_undead_c, serial_undead_e, serial_undead_a, serial_undead_a,
          serial_undead_e
Temple:   mainiacjoe_temple_cubbyholes

Skill      XL: |  1  2  3  4  5  6  7  8  9 10 11 |
---------------+----------------------------------+-----
Stealth        | 2 3 |  3.0
Invocations    | 1 3 4 5 7 8 |  8.7
Maces & Flails | 1 2 3 4 |  4.1
Fighting       | 4 5 6 7 9 10 | 10.3
Dodging        | 3 4 5 6 7 8 |  8.2
Throwing       | 1 2 3 |  3.8
Axes           | 3 4 5 |  5.3
Evocations     | 1 4 5 6 |  6.1
Shields        | 3 5 6 |  6.9
Polearms       | 3 |  3.9
Long Blades    | |  3.0
Spellcasting   | |  0.6
Conjurations   | |  0.5
Air Magic      | |  0.5
Poison Magic   | |  0.4

Action                   |  1- 3 |  4- 6 |  7- 9 | 10-12 || total
-------------------------+-------+-------+-------+-------++-------
Melee: Whip              |    74 |   103 |    37 |       ||   214
       Tailslap          |    11 |    18 |    32 |    72 ||   133
       Falchion          |     2 |       |       |       ||     2
       Punch             |     2 |       |       |       ||     2
       War axe           |       |       |   140 |   125 ||   265
       Spear             |       |       |       |   276 ||   276
Throw: Javelin           |    20 |    11 |    26 |       ||    57
       Stone             |     3 |       |    12 |       ||    15
       Boomerang         |       |       |    12 |       ||    12
       Dart              |       |       |     8 |     2 ||    10
 Cast: Magic Dart        |       |       |     7 |       ||     7
       Sandblast         |       |       |     3 |       ||     3
       Apportation       |       |       |     1 |       ||     1
Invok: Bend Time         |       |     1 |       |       ||     1
       Slouch            |       |       |       |     2 ||     2
 Abil: Breathe Steam     |       |       |     6 |    11 ||    17
Evoke: Wand              |       |       |     1 |    12 ||    13
  Use: Scroll            |     1 |     9 |     3 |     4 ||    17
       Potion            |       |     7 |     3 |     9 ||    19
 Stab: Sleeping          |     3 |     2 |    10 |     3 ||    18
       Invisible         |       |     1 |       |       ||     1
Armor: Skin              |    24 |    42 |    81 |   132 ||   279
Dodge: Dodged            |    52 |   105 |   226 |   377 ||   760
Block: Buckler           |       |       |    27 |   181 ||   208

Table legend: (Time is in decaauts)
 A = Elapsed time spent in this place.
 B = Non-inter-level travel time spent in this place.
 C = Inter-level travel time spent in this place.
 D = Time resting spent in this place.
 E = Time spent auto-exploring this place.
 F = Levels seen in this place.
 G = Mean time per level.
                   A        B        C        D        E       F      G
               +--------+--------+--------+--------+--------+-----+--------+
         Total |  15872 |  13619 |   2253 |     37 |  10694 |  13 | 1220.9 |
       Dungeon |  15214 |  13059 |   2155 |     37 |  10156 |  12 | 1267.8 |
        Temple |    657 |    559 |     98 |      0 |    538 |   1 |  657.0 |
               +--------+--------+--------+--------+--------+-----+--------+

Top non-repeatable levels by time:
     D:3: 2088 daAuts
     D:8: 1951 daAuts
     D:9: 1461 daAuts
     D:6: 1434 daAuts
     D:2: 1376 daAuts
     D:7: 1336 daAuts
    D:10: 1287 daAuts
     D:5: 1039 daAuts
     D:4: 985 daAuts
    D:11: 937 daAuts
     D:1: 829 daAuts
  Temple: 657 daAuts
    D:12: 487 daAuts
